 Dungeon Crawl Stone Soup version 0.29-a0-284-gf9362112df (webtiles) character file.

Game seed: 8051467051886119979

36495 dolemite99 the Cleaver (level 13, -5/113 HPs)
             Began as a Hill Orc Fighter on Mar 20, 2022.
             Was a Believer of Beogh.
             Slain by a cane toad (6 damage)
             ... on level 6 of the Lair of Beasts.
             The game lasted 00:24:04 (27196 turns).

dolemite99 the Cleaver (Hill Orc Fighter)          Turns: 27196, Time: 00:24:04

Health: -5/113     AC: 19    Str: 26    XL:     13   Next: 90%
Magic:  11/21      EV: 11    Int:  6    God:    Beogh [**....]
Gold:   352        SH:  4    Dex: 10    Spells: 12/12 levels left

rFire   . . .      SeeInvis .   b - +5 trident (freeze)
rCold   . . .      Faith    .   c - +0 buckler
rNeg    . . .      Spirit   .   k - +0 plate armour
rPois   .          Reflect  .   (no helmet)
rElec   .          Harm     .   (no cloak)
rCorr   +          Rampage  .   V - +0 pair of gloves
Will    .....                   B - +0 pair of boots
Stlth   ..........              Q - amulet of the acrobat
HPRegen 0.28/turn               K - ring of resist corrosion
MPRegen 0.17/turn               M - +4 ring of evasion

@: slowed, very slow
A: iridescent scales 1, dopey 1, strong 1
a: Renounce Religion, Smiting


You were on level 6 of the Lair of Beasts.
You worshipped Beogh.
Beogh was pleased with you.
You visited 2 branches of the dungeon, and saw 16 of its levels.

You collected 1208 gold pieces.
You spent 856 gold pieces at shops.

Inventory:

Hand Weapons
 a - a +0 war axe of protection
 b - a +5 trident of freezing (weapon)
 C - a +3 flail
 N - a +2 war axe of electrocution
Missiles
 e - 2 javelins
 g - 8 datura-tipped darts
 n - 17 poisoned darts
 q - 444 stones
 s - 3 boomerangs (quivered)
 P - 3 throwing nets
Armour
 c - a +0 buckler (worn)
 f - a +0 pair of gloves
 k - a +0 plate armour (worn)
 B - a +0 pair of boots (worn)
 V - a +0 pair of gloves (worn)
 Z - a +0 kite shield
Magical Staves
 w - a staff of death
 W - a staff of earth
Jewellery
 m - a +6 ring of intelligence
 K - a ring of resist corrosion (left hand)
 M - a +4 ring of evasion (right hand)
 Q - an amulet of the acrobat (around neck)
 S - a ring of wizardry
Wands
 d - a wand of polymorph (16)
 D - a wand of digging (21)
 I - a wand of iceblast (3)
 L - a wand of paralysis (11)
 X - a wand of flame (8)
Scrolls
 i - a scroll of holy word
 j - 9 scrolls of identify {@r1}
 l - 5 scrolls of noise
 p - a scroll of enchant armour {unknown}
 r - 4 scrolls of teleportation
 t - a scroll of blinking
 u - a scroll of brand weapon
 y - 3 scrolls of magic mapping
 J - a scroll of amnesia
Potions
 h - 5 potions of degeneration
 v - 4 potions of brilliance {unknown}
 x - a potion of magic {unknown}
 z - a potion of ambrosia
 A - 2 potions of invisibility {unknown}
 E - 3 potions of curing
 F - a potion of berserk rage
 G - 2 potions of resistance
 H - a potion of flight {unknown}
 O - 2 potions of attraction {unknown}
 R - 2 potions of might
 T - 2 potions of lignification
 U - 2 potions of haste
 Y - 3 potions of heal wounds
Miscellaneous
 o - a condenser vane (inert)


   Skills:
 - Level 10.2 Fighting
 - Level 14.6(17.5) Axes
 - Level 13.4(15.4) Polearms
 - Level 9.3 Armour
 - Level 3.2 Shields
 + Level 11.7 Invocations
 - Level 9.0 Evocations


You had 12 spell levels left.
You didn't know any spells.
Your spell library contained the following spells:

 Spells                   Type           Power      Damage    Failure   Level
 Confusing Touch          Hex            0%         N/A       100%        3
 Conjure Flame            Conj/Fire      0%         6-21      100%        3
 Dazzling Flash           Conj/Hex       0%         N/A       100%        3
 Summon Guardian Golem    Hex/Summ       0%         N/A       100%        3
 Sticky Flame             Conj/Fire      0%         2d3       100%        4
 Summon Ice Beast         Ice/Summ       0%         N/A       100%        4
 Agony                    Necr           0%         N/A       100%        5
 Silence                  Hex/Air        0%         N/A       100%        5
 Summon Mana Viper        Hex/Summ       0%         N/A       100%        5
 Enfeeble                 Hex            0%         N/A       100%        7
 Monstrous Menagerie      Summ           0%         N/A       100%        7
 Orb of Destruction       Conj           0%         9d5       100%        7
 Spellforged Servitor     Conj/Summ      0%         N/A       100%        7
 Discord                  Hex            0%         N/A       100%        8
 Ignition                 Fire           0%         3d3       100%        8


Dungeon Overview and Level Annotations

Branches:
Dungeon (10/15)            Temple (0/1) D:5            Lair (6/6) D:10
  Swamp (0/4) Lair:3        Snake (0/4) Lair:2        Slime (0/5) Lair:6
    Orc: D:9-12

Altars:
Cheibriados
Dithmenos
Fedhas
Hepliaklqana
Kikubaaqudgha
Makhleb
Qazlal
Sif Muna
Trog
Uskayaw
Vehumet
Wu Jian
Yredelemnul
Beogh

Shops:
D:1 =   D:7 !?[!!

Annotations:
D:4 2 transporters, Psyclone's ghost, amateur OpVM
D:10 1 runed translucent door
Lair:4 2 transporters
Lair:6 1 runed translucent door


Innate Abilities, Weirdness & Mutations

You are partially covered in iridescent scales. (AC +2)
You are dopey. (Int -2)
Your muscles are strong. (Str +2)


Message History

You kill the torpor snail!
Beogh accepts your kill.
The iceblast engulfs the tyrant leech!!
The tyrant leech is almost dead.
The tyrant leech is engulfed in blazing flames.
The torpor snail is engulfed in blazing flames.
Aiming: Iceblast
Press: ? - help, Shift-Dir - straight line, f - tyrant leech
Aim: a tyrant leech (almost dead) That beam is likely to hit you.
Continue anyway?
Okay, then.
As you read the scroll of teleportation, it crumbles to dust.
You feel strangely unstable.
The torpor snail is engulfed in blazing flames.
The tyrant leech bites you.
The tyrant leech draws strength from your injuries!
Aiming: Smiting
Press: ? - help, Dir - move target, f/p - tyrant leech Smite: a tyrant leech (almost dead)
You smite the tyrant leech!!
You kill the tyrant leech!
Beogh accepts your kill.
The tyrant leech bites you but does no damage.
Aiming: Smiting
Press: ? - help, Dir - move target, f - tyrant leech Smite: a tyrant leech (almost dead)
You smite the tyrant leech!
You kill the tyrant leech!
Beogh accepts your kill.
Your surroundings suddenly seem different.
A basilisk, a swamp dragon, a fire dragon and a cane toad come into view.
Found eight items.
The basilisk hisses angrily.
The swamp dragon roars deafeningly!
The fire dragon roars deafeningly!
You hear an angry hiss. x7
The cane toad closely misses you. The fire dragon breathes flames at you.
The blast of flame hits you!!!
* * * LOW HITPOINT WARNING * * *
The cane toad stings you.
You die...

♣♣ ♣♣. ♣♣..
♣♣DP≈
♣..§.♣♣
♣♣♣.≈§≈≈♣
♣..≈≈≈§F♣♣♣
♣.≈≈≈≈l@.)♣
♣♣♣.≈≈..$D♣
♣..≈≈..$..♣
♣.≈≈≈..[)♣♣
♣..≈≈≈.$!(♣
♣≈≈≈≈≈.♣♣♣♣
♣(≈≈.≈.
♣≈≈≈≈≈≈


You could see a fire dragon, a swamp dragon, a cane toad and a basilisk.

Vanquished Creatures
  Rupert (Lair:4)
  Snorg (Lair:3)
  Harold (Lair:2)
  5 hydras
  A boulder beetle (Lair:1)
  Erolcha (D:10)
  2 lindwurms (Lair:6)
  2 cyclopes (D:10)
  3 elephants (Lair:1)
  2 black mambas
  4 cane toads
  4 torpor snails (Lair:6)
  2 rime drakes
  Maggie (D:8)
  An efreet (D:10)
  A kobold demonologist (D:6)
  10 komodo dragons
  A yaktaur (D:10)
  3 trolls
  8 hornets
  4 tyrant leeches
  A polar bear (Lair:1)
  9 dream sheep
  11 blink frogs
  Sigmund (D:6)
  4 wyverns
  28 yaks
  5 basilisks
  A wraith (D:10)
  Menkaure (D:4)
  A swamp worm (Lair:3)
  4 nagas (Lair:2)
  11 water moccasins
  2 orc warriors
  4 black bears
  3 ice beasts
  3 sky beasts
  An ogre (D:5)
  13 wolves
  2 kobold brigands (D:6)
  14 bullfrogs
  3 phantoms
  A scorpion (D:4)
  A gnoll sergeant (D:9)
  2 necrophages
  6 wights
  9 killer bees (D:9)
  An electric eel (Lair:1)
  A howler monkey (D:7)
  6 hounds
  11 jellies
  An orc priest (D:6)
  10 iguanas
  Ijyb (D:3)
  2 hell rats
  5 orc wizards
  7 adders
  3 gnolls (D:9)
  A shadow imp (D:7)
  A white imp (D:7)
  2 worms (D:2)
  4 dart slugs
  21 orcs
  2 bats (D:1)
  8 endoplasms
  2 giant cockroaches (D:4)
  3 goblins
  5 hobgoblins
  3 jackals (D:1)
  12 kobolds
  5 quokkas
  7 ball pythons
  4 frilled lizards
  11 rats
338 creatures vanquished.

Vanquished Creatures (collateral kills)
  A tyrant leech (Lair:3)
  A water moccasin (Lair:2)
2 creatures vanquished.

Vanquished Creatures (others)
  38 fungi
  125 plants
163 creatures vanquished.

Grand Total: 503 creatures vanquished

Notes
Turn   | Place    | Note
-------+----------+-------------------------------------------
     0 | D:1      | dolemite99 the Hill Orc Fighter began the quest for the
                  | Orb.
     0 | D:1      | Reached XP level 1. HP: 19/19 MP: 1/1
    21 | D:1      | Reached skill level 3 in Axes
   456 | D:1      | Reached XP level 2. HP: 26/26 MP: 2/2
   542 | D:1      | Reached skill level 4 in Axes
   884 | D:1      | Reached XP level 3. HP: 31/31 MP: 3/3
   884 | D:1      | Found Punycann's Jewellery Shoppe.
  1058 | D:1      | Got Qurph's Incunabulum of the Blaze
  1186 | D:2      | Reached skill level 5 in Axes
  1318 | D:2      | Reached XP level 4. HP: 37/39 MP: 4/4
  1649 | D:2      | Found an ancient bone altar of Kikubaaqudgha.
  1792 | D:2      | Reached skill level 6 in Axes
  2410 | D:3      | Found a faded altar of an unknown god.
  2434 | D:3      | Noticed Ijyb
  2445 | D:3      | Killed Ijyb
  2547 | D:3      | Reached XP level 5. HP: 37/45 MP: 5/5
  2636 | D:3      | Prayed at the altar of an unknown god.
  2636 | D:3      | Became a worshipper of Beogh the Brigand
  2636 | D:3      | Reached * piety under Beogh
  2760 | D:3      | Found a bloodstained altar of Trog.
  2771 | D:3      | Identified the +4 ring mail of the Bard {rPois}
  2822 | D:3      | Reached skill level 7 in Axes
  3538 | D:4      | Found a snail-covered altar of Cheibriados.
  3582 | D:4      | Found a stormy altar of Qazlal.
  3601 | D:4      | Found a transporter.
  3603 | D:4      | Noticed Psyclone's ghost (amateur OpVM)
  3671 | D:4      | Reached skill level 8 in Axes
  3671 | D:4      | Reached XP level 6. HP: 42/51 MP: 6/6
  3756 | D:4      | Noticed a water moccasin
  3763 | D:4      | Killed a water moccasin
  3764 | D:4      | Reached skill level 9 in Axes
  4172 | D:4      | Reached XP level 7. HP: 51/57 MP: 7/7
  4178 | D:4      | Reached skill level 10 in Axes
  4367 | D:4      | Found a shadowy altar of Dithmenos.
  4386 | D:4      | Reached skill level 11 in Axes
  4884 | D:4      | Found a basalt altar of Yredelemnul.
  4887 | D:4      | Noticed Menkaure
  4894 | D:4      | Reached ** piety under Beogh
  4895 | D:4      | Reached XP level 8. HP: 64/64 MP: 8/8
  4900 | D:4      | Killed Menkaure
  4901 | D:4      | Reached skill level 12 in Axes
  4903 | D:4      | Gained mutation: Your muscles are strong. (Str +2) [potion
                  | of mutation]
  4903 | D:4      | Gained mutation: You are dopey. (Int -2) [potion of
                  | mutation]
  4903 | D:4      | Gained mutation: You are partially covered in iridescent
                  | scales. (AC +2) [potion of mutation]
  5458 | D:4      | Identified the +1 robe of Syndicalism {Str+2}
  5548 | D:4      | Found a transporter.
  5598 | D:5      | Entered Level 5 of the Dungeon
  5978 | D:5      | Reached skill level 13 in Axes
  6157 | D:5      | Found a radiant altar of Vehumet.
  6439 | D:5      | Found a staircase to the Ecumenical Temple.
  7079 | D:6      | Found a burning altar of Makhleb.
  7164 | D:6      | Reached skill level 14 in Axes
  7242 | D:6      | Noticed Sigmund
  7251 | D:6      | Killed Sigmund
  7252 | D:6      | Reached XP level 9. HP: 70/70 MP: 9/9
  7335 | D:6      | Reached skill level 1 in Invocations
  7545 | D:6      | Noticed a kobold demonologist
  7556 | D:6      | Noticed a rust devil
  7784 | D:6      | Noticed a hellwing
  7794 | D:6      | Killed a kobold demonologist
  7795 | D:6      | Reached skill level 5 in Invocations
  8898 | D:7      | Found Jaykhlini's Distillery.
  8904 | D:7      | Found Ypunalio's Distillery.
  8909 | D:7      | Bought a potion of curing for 36 gold pieces
  8909 | D:7      | Bought a potion of berserk rage for 60 gold pieces
  8909 | D:7      | Bought a potion of berserk rage for 60 gold pieces
  8909 | D:7      | Bought a potion of resistance for 120 gold pieces
  8909 | D:7      | Bought a potion of curing for 36 gold pieces
  8919 | D:7      | Bought a potion of berserk rage for 70 gold pieces
  8919 | D:7      | Bought a potion of berserk rage for 70 gold pieces
  8981 | D:7      | Found Jueck's Magic Scroll Boutique.
  8999 | D:7      | Found Qungexzu's Antique Armour Boutique.
  9087 | D:7      | Found an ornate altar of the Wu Jian Council.
  9613 | D:7      | Found Likhloetops's Distillery.
  9628 | D:7      | Bought a potion of might for 48 gold pieces
 10269 | D:8      | Noticed Maggie
 10278 | D:8      | Killed Maggie
 10279 | D:8      | Reached skill level 5 in Fighting
 10279 | D:8      | Reached XP level 10. HP: 69/81 MP: 16/16
 10397 | D:8      | Reached skill level 5 in Armour
 10767 | D:8      | Found a shimmering blue altar of Sif Muna.
 14058 | D:10     | Entered Level 10 of the Dungeon
 14246 | D:10     | Found a hazy altar of Hepliaklqana.
 14378 | D:10     | Reached XP level 11. HP: 30/97 MP: 17/17
 14384 | D:10     | Noticed a cyclops
 15254 | D:10     | Found a staircase to the Lair.
 15339 | D:10     | Found a runed translucent door.
 15339 | D:10     | Noticed a cyclops
 15340 | D:10     | Noticed a seven-headed hydra
 15345 | D:10     | Killed a cyclops
 15531 | D:10     | Got the Disquisition on Bewitchment
 15900 | D:10     | Noticed Erolcha
 15903 | D:10     | Killed Erolcha
 15904 | D:10     | Reached skill level 10 in Fighting
 16092 | D:10     | Found a blossoming altar of Fedhas.
 16110 | D:10     | Killed a cyclops
 16480 | D:7      | Bought 2 potions of heal wounds for 120 gold pieces
 16480 | D:7      | Bought a potion of heal wounds for 60 gold pieces
 16480 | D:7      | Bought a potion of curing for 36 gold pieces
 16623 | Lair:1   | Entered Level 1 of the Lair of Beasts
 16649 | Lair:1   | Found a hide-covered altar of Uskayaw.
 16649 | Lair:1   | Found an ornate altar of the Wu Jian Council.
 16649 | Lair:1   | Noticed a boulder beetle
 16676 | Lair:1   | Killed a boulder beetle
 16968 | Lair:1   | Reached skill level 5 in Polearms
 17646 | Lair:1   | Reached XP level 12. HP: 57/106 MP: 18/18
 18861 | Lair:2   | Reached skill level 10 in Polearms
 19257 | Lair:2   | Noticed Harold
 19260 | Lair:2   | Noticed a six-headed hydra
 19265 | Lair:2   | Killed Harold
 19273 | Lair:2   | Killed a six-headed hydra
 19639 | Lair:2   | Found a staircase to the Snake Pit.
 20273 | D:7      | Bought a potion of haste for 140 gold pieces
 20918 | Lair:3   | Noticed a six-headed hydra
 20921 | Lair:3   | Noticed Snorg
 20927 | Lair:3   | Killed a six-headed hydra
 20936 | Lair:3   | Killed Snorg
 21538 | Lair:3   | Found a staircase to the Swamp.
 21933 | Lair:3   | Reached skill level 1 in Evocations
 22113 | Lair:4   | Reached XP level 13. HP: 105/113 MP: 19/19
 22386 | Lair:4   | Noticed Rupert
 22391 | Lair:4   | Paralysed by Rupert for 2 turns
 22399 | Lair:4   | Killed Rupert
 22400 | Lair:4   | Reached skill level 5 in Evocations
 22891 | Lair:4   | Identified the +2 scale mail of Toarousu {Stlth+}
 23646 | Lair:4   | Found the +1 robe of Vines {NoPotionHeal Regen++++}
 23647 | Lair:4   | Found a transporter.
 23702 | Lair:4   | Found a transporter.
 25209 | Lair:6   | Entered Level 6 of the Lair of Beasts
 25617 | Lair:6   | Found a staircase to the Slime Pits.
 25665 | Lair:5   | Reached *** piety under Beogh
 26262 | Lair:6   | Found a runed translucent door.
 26263 | Lair:6   | Noticed an ice dragon
 26332 | Lair:6   | Reached skill level 10 in Invocations
 26413 | Lair:6   | Paralysed by a hornet for 1 turns
 27196 | Lair:6   | Noticed a fire dragon
 27196 | Lair:6   | HP: 1/113 [fire dragon/blast of flame (38)]
 27196 | Lair:6   | Slain by a cane toad

Illustrated notes

Levels and vault maps discovered:
D:1:      saegor_arrival_simple_d, layout_rooms, serial_shops, shop_coins
D:2:      layout_basic, basic_altar
D:3:      layout_loops_cross, lemuel_doored_altar,
          ebering_ecumenical_altar_mist, uniq_ijyb
D:4:      layout_basic, old_standard_altar,
          chequers_temple_overflow_statue_of_worship, gammafunk_ghost_mausoleum,
          minmay_ruined_shrine, uniq_menkaure
D:5:      layout_loops_cross, mainiacjoe_overflow_24_doors,
          minmay_temple_entry_statues
D:6:      layout_cave_pods, makhleb_heckhound_becter, uniq_sigmund
D:7:      layout_cave_pods, overflow_temple_1_default, serial_shops, shop, shop,
          shop, nicolae_square_shop, nicolae_shop_trees,
          minmay_misc_feat_ornament
D:8:      layout_loops_corners, led_sif_pool, minmay_misc_feat_diagonals,
          uniq_maggie
D:9:      layout_loops_ring
D:10:     minmay_cornered_nines, layout_layer_cave,
          mainiacjoe_overflow_cross_hatched, kennysheep_mini_moat,
          lair_entry_dummy, minivault_13, uniq_erolcha
Lair:1:   layout_concentric_octagons, nzn_masters_of_martial_movement,
          infiniplex_staircase_pool_2, lemuel_fruit_tree, lemuel_fruit_fields,
          serial_bayou_shore_a, grunt_megastairs_4
Lair:2:   layout_hall_layers, guppyfry_snake_entry_garden, grunt_megastairs_1,
          uniq_harold
Lair:3:   layout_cave_pods, minmay_swamp_entry_worms, uniq_snorg
Lair:4:   gammafunk_cloud_chamber, layout_cave_pods, minivault_19, uniq_rupert
Lair:5:   layout_loops_ring
Lair:6:   wormcave, layout_hall_layers, guppyfry_lair_end_dragon,
          minmay_slime_entry_jelly_boxes, hangedman_lair_unloving_vines

Skill      XL: |  1  2  3  4  5  6  7  8  9 10 11 12 13 |
---------------+----------------------------------------+-----
Axes           | 3 4 5 6 8 9 11 14 | 14.6
Invocations    | 8 11 | 11.7
Fighting       | 5 9 10 | 10.2
Armour         | 4 8 9 |  9.3
Polearms       | 8 13 | 13.4
Evocations     | 3 9 |  9.0
Shields        | |  3.2

Action                   |  1- 3 |  4- 6 |  7- 9 | 10-12 | 13-15 || total
-------------------------+-------+-------+-------+-------+-------++-------
Melee: War axe           |    72 |   110 |   300 |   239 |       ||   721
       Unarmed           |       |     1 |       |       |       ||     1
       Trident           |       |       |       |   361 |   346 ||   707
Throw: Dart              |    23 |    54 |    80 |    81 |     5 ||   243
       Javelin           |       |       |       |    16 |    21 ||    37
       Stone             |       |       |       |    33 |    13 ||    46
       Boomerang         |       |       |       |       |    10 ||    10
Invok: Smiting           |       |       |     3 |    13 |    12 ||    28
Evoke: Wand              |       |       |       |     5 |     6 ||    11
       Condenser vane    |       |       |       |       |     1 ||     1
  Use: Potion            |       |     1 |     7 |     7 |     2 ||    17
       Scroll            |       |       |     9 |     7 |     3 ||    19
Armor: Scale mail        |    23 |    27 |       |       |       ||    50
       Ring mail         |       |    20 |    47 |       |       ||    67
       Plate armour      |       |       |    85 |   284 |    97 ||   466
       Skin              |       |       |     1 |       |       ||     1
Dodge: Dodged            |    37 |    36 |    72 |   199 |    91 ||   435
Block: Buckler           |    22 |    20 |    36 |    99 |    43 ||   220

Table legend: (Time is in decaauts)
 A = Elapsed time spent in this place.
 B = Non-inter-level travel time spent in this place.
 C = Inter-level travel time spent in this place.
 D = Time resting spent in this place.
 E = Time spent auto-exploring this place.
 F = Levels seen in this place.
 G = Mean time per level.
                   A        B        C        D        E       F      G
               +--------+--------+--------+--------+--------+-----+--------+
         Total |  27074 |  25877 |   1197 |  10004 |  12101 |  16 | 1692.1 |
       Dungeon |  16894 |  15913 |    981 |   6538 |   7102 |  10 | 1689.4 |
          Lair |  10179 |   9964 |    215 |   3465 |   4998 |   6 | 1696.5 |
               +--------+--------+--------+--------+--------+-----+--------+

Top non-repeatable levels by time:
    D:10: 2470 daAuts
     D:4: 2416 daAuts
     D:8: 2317 daAuts
  Lair:1: 2263 daAuts
  Lair:4: 1890 daAuts
     D:9: 1865 daAuts
  Lair:6: 1597 daAuts
     D:7: 1585 daAuts
  Lair:3: 1582 daAuts
     D:6: 1568 daAuts
  Lair:5: 1563 daAuts
  Lair:2: 1282 daAuts
     D:2: 1201 daAuts
     D:1: 1186 daAuts
     D:5: 1149 daAuts
